AoeStats
← 150490644@

Arena

507237068Analyzed
1v1 RM · 16d ago on Sep 17, 2026· 43m 26s· 2 players
Game mode
Random Map
Map size
Tiny (2 player)
Population
200
Speed
Normal
Resources
Standard
Victory
Conquest
Starting age
Dark Age
Ending age
Imperial Age
RankedLock teamsTeams togetherTeam positionsShared explorationLock speedFull tech treeHidden civsTurbo modeCheats
Victory
Defeat
🇮🇹 Franks · Italy
980
+15
🇹🇼 Malians · Taiwan
948
-15
minichen50
10:53 Feudal Age
12:15 Wheelbarrow
11:23 Horse Collar
11:31 Double-Bit Axe
18:42 Castle Age
16:45 Stone Mining
18:10 Forging
19:44 Hand Cart
19:50 Bow Saw
20:16 Squires
21:16 Fervor
20:56 Loom
22:29 Town Watch
24:15 Town Patrol
30:00 Gold Mining
30:23 Fletching
31:08 Iron Casting
30:33 Scale Mail Armor
34:10 Imperial Age
32:06 Ballistics
31:57 Fortified Wall
31:28 Treadmill Crane
33:09 Bodkin Arrow
33:30 Chain Mail Armor
33:15 Padded Archer Armor
33:21 Scale Barding Armor
32:42 Man-at-Arms
33:08 Arson
33:22 Pikeman
33:23 Long Swordsman
34:17 Two-Handed Swordsman
35:32 Plate Mail Armor
36:18 Chemistry
35:45 Conscription
35:43 Husbandry
35:53 Bloodlines
35:04 Light Cavalry
36:20 Champion
150490644@
10:58 Feudal Age
14:52 Castle Age
13:09 Double-Bit Axe
15:22 Wheelbarrow
15:53 Bow Saw
22:15 Hand Cart
27:39 Loom
27:39 Town Watch
27:55 Gold Mining
27:56 Stone Mining
32:04 Imperial Age
30:16 Gold Shaft Mining
30:21 Scale Barding Armor
30:27 Forging
30:46 Scale Mail Armor
31:43 Husbandry
32:45 Iron Casting
32:31 Chain Barding Armor
32:09 Cavalier
32:54 Chivalry
34:03 Chemistry
33:28 Chain Mail Armor
33:16 Squires
32:37 Pikeman
35:08 Conscription
34:36 Paladin
35:01 Halberdier
36:39 Plate Barding Armor
38:10 Blast Furnace
37:41 Plate Mail Armor
Connection lost

Rejoining the realm…

Still unreachable

The connection could not be restored.

Session expired

The server has moved on; the page needs a fresh start.